MID
CEDAR RAPIDS KERNELS @ BELOIT SNAPPERS
05/03/2044
 
TOP OF THE 1ST
Cedar Rapids Kernels batting - Pitching for Beloit Snappers : RHP Willie Servin
Pitching: RHP Willie Servin
Batting: RHB Mike Craver 0-0: SINGLE (Groundball, 34D, EV 101.2 MPH)
Batting: RHB J.J. Powers 0-0: Called Strike
0-1: Swinging Strike
0-2: Ball
1-2: SINGLE (Line Drive, 6MD, EV 96.2 MPH)
Mike Craver to second
Batting: LHB Mike Handrahan 0-0: Ball
1-0: Called Strike
1-1: Foul Ball, location: 2F
1-2: Ball
2-2: Fly out, F6 (Popup, 6S, EV 71.2 MPH)
Batting: RHB Jon Avila 0-0: Called Strike
0-1: Ball
1-1: Called Strike
Mike Craver steals 3rd base (no throw)
1-2: Fielders Choice at 2nd, 6-4 (Groundball, 56, EV 86.9 MPH)
Mike Craver scores
Batting: LHB Christiaan Smits 0-0: Called Strike
0-1: Ball
Wild Pitch!
Jon Avila to second
1-1: Called Strike
1-2: Foul Ball, location: 2F
1-2: Strikes out swinging
Top of the 1st over - 1 run, 2 hits, 0 errors, 1 left on base; Cedar Rapids 1 - Beloit 0
BOTTOM OF THE 1ST
Beloit Snappers batting - Pitching for Cedar Rapids Kernels : RHP Chad Casey
Pitching: RHP Chad Casey
Batting: RHB Justin Menotti 0-0: SINGLE (Groundball, 6M, EV 81.9 MPH) (infield hit)
Batting: RHB Scott Wiggs 0-0: Ball
1-0: Ball
2-0: Called Strike
2-1: Swinging Strike
2-2: Fly out, F3 (Line Drive, 3, EV 74.4 MPH)
Batting: RHB Josh Sinden 0-0: Ball
1-0: Called Strike
1-1: Swinging Strike
1-2: Ball
2-2: Ball
Justin Menotti steals 2nd, throwing error, E2
Justin Menotti to third
3-2: Foul Ball, location: 2F
3-2: Base on Balls
Batting: SHB D.J. Codd 0-0: Swinging Strike
0-1: Ball
1-1: Foul Ball, location: 2F
1-2: Ball
2-2: Ball
3-2: Strikes out swinging
Batting: RHB Manny Vizzerra 0-0: Foul Ball, location: 2F
0-1: Called Strike
0-2: Ball
1-2: Ball
2-2: Foul Ball, location: 2F
2-2: Foul Ball, location: 2F
2-2: Strikes out swinging
Bottom of the 1st over - 0 runs, 1 hit, 1 error, 2 left on base; Cedar Rapids 1 - Beloit 0
TOP OF THE 2ND
Cedar Rapids Kernels batting - Pitching for Beloit Snappers : RHP Willie Servin
Batting: SHB Roberto Camarena 0-0: Ground out 4-3 (Groundball, 4, EV 85.0 MPH)
Batting: RHB Brian Gustus 0-0: Ground out U3 (Groundball, 34, EV 101.9 MPH)
Batting: RHB Jake Wirthlin 0-0: Swinging Strike
0-1: Foul Ball, location: 2F
0-2: Strikes out swinging
Top of the 2nd over - 0 runs, 0 hits, 0 errors, 0 left on base; Cedar Rapids 1 - Beloit 0
BOTTOM OF THE 2ND
Beloit Snappers batting - Pitching for Cedar Rapids Kernels : RHP Chad Casey
Batting: RHB Dave Vezina 0-0: Swinging Strike
0-1: Ball
1-1: Called Strike
1-2: Ball
2-2: Foul Ball, location: 2F
2-2: Foul Ball, location: 2F
2-2: Fly out, F9 (Flyball, 9, EV 91.9 MPH)
Batting: LHB Mario Cardona 0-0: Called Strike
0-1: DOUBLE (Groundball, 3L, EV 103.8 MPH)
Batting: RHB Rick Linders 0-0: Ball
1-0: Ball
2-0: Swinging Strike
2-1: Swinging Strike
2-2: Ball
3-2: Strikes out looking
Batting: LHB Raita Inouye 0-0: Called Strike
0-1: Ball
1-1: Ball
2-1: Called Strike
2-2: Ball
3-2: Foul Ball, location: 2F
3-2: Fly out, F1 (Popup, P, EV 80.0 MPH)
Bottom of the 2nd over - 0 runs, 1 hit, 0 errors, 1 left on base; Cedar Rapids 1 - Beloit 0
TOP OF THE 3RD
Cedar Rapids Kernels batting - Pitching for Beloit Snappers : RHP Willie Servin
Batting: RHB Orlando Blanco 0-0: Swinging Strike
0-1: Foul Ball, location: 2F
0-2: Foul Ball, location: 2F
0-2: Ball
1-2: Fly out, F8 (Flyball, 8RS, EV 99.4 MPH)
Batting: RHB Mike Craver 0-0: Ball
1-0: Foul Ball, location: 2F
1-1: Swinging Strike
1-2: Strikes out looking
Batting: RHB J.J. Powers 0-0: Ball
1-0: Ball
2-0: Foul Ball, location: 2F
2-1: Ball
3-1: Base on Balls
Batting: LHB Mike Handrahan 0-0: Ball
1-0: Called Strike
J.J. Powers steals 2nd base
1-1: Ground out U3 (Groundball, 3D, EV 90.0 MPH)
Top of the 3rd over - 0 runs, 0 hits, 0 errors, 1 left on base; Cedar Rapids 1 - Beloit 0
BOTTOM OF THE 3RD
Beloit Snappers batting - Pitching for Cedar Rapids Kernels : RHP Chad Casey
Batting: RHB Justin Menotti 0-0: Ball
1-0: Swinging Strike
1-1: Ball
2-1: Foul Ball, location: 2F
2-2: Ground out U3 (Groundball, 3, EV 82.5 MPH)
Batting: RHB Scott Wiggs 0-0: Ball
1-0: Foul Ball, location: 2F
1-1: Ball
2-1: Ground out 4-3 (Groundball, 4, EV 83.1 MPH)
Batting: RHB Josh Sinden 0-0: Ball
1-0: Ball
2-0: Ball
3-0: Base on Balls
Batting: SHB D.J. Codd 0-0: Ball
1-0: Called Strike
1-1: Ball
Josh Sinden is caught stealing 2nd base 2-6
Bottom of the 3rd over - 0 runs, 0 hits, 0 errors, 0 left on base; Cedar Rapids 1 - Beloit 0
TOP OF THE 4TH
Cedar Rapids Kernels batting - Pitching for Beloit Snappers : RHP Willie Servin
Batting: RHB Jon Avila 0-0: Ball
1-0: Foul Ball, location: 2F
1-1: Fly out, F5 (Line Drive, 5, EV 73.1 MPH)
Batting: LHB Christiaan Smits 0-0: Swinging Strike
0-1: Ball
1-1: Ball
2-1: Ball
3-1: Base on Balls
Batting: SHB Roberto Camarena 0-0: Ball
1-0: Foul Ball, location: 2F
1-1: Ball
2-1: Called Strike
2-2: Ball
3-2: Foul Ball, location: 2F
3-2: Foul Ball, location: 2F
3-2: Strikes out swinging
Batting: RHB Brian Gustus 0-0: Called Strike
0-1: Swinging Strike
0-2: Ball
1-2: Strikes out swinging
Top of the 4th over - 0 runs, 0 hits, 0 errors, 1 left on base; Cedar Rapids 1 - Beloit 0
BOTTOM OF THE 4TH
Beloit Snappers batting - Pitching for Cedar Rapids Kernels : RHP Chad Casey
Batting: SHB D.J. Codd 0-0: Called Strike
0-1: Foul Ball, location: 2F
0-2: Ball
1-2: Ball
2-2: Ball
3-2: Strikes out looking
Batting: RHB Manny Vizzerra 0-0: Ball
1-0: Foul Ball, location: 2F
1-1: Ball
2-1: Ball
3-1: Foul Ball, location: 2F
3-2: Foul Ball, location: 2F
3-2: Base on Balls
Batting: RHB Dave Vezina 0-0: Ball
1-0: Foul Ball, location: 2F
1-1: Foul Ball, location: 2F
1-2: Foul Ball, location: 2F
1-2: Strikes out looking
Batting: LHB Mario Cardona Pickoff Throw to First - Out! 1-3
Bottom of the 4th over - 0 runs, 0 hits, 0 errors, 0 left on base; Cedar Rapids 1 - Beloit 0
TOP OF THE 5TH
Cedar Rapids Kernels batting - Pitching for Beloit Snappers : RHP Willie Servin
Batting: RHB Jake Wirthlin 0-0: Ball
1-0: Ground out 4-3 (Groundball, 4, EV 78.1 MPH)
Batting: RHB Orlando Blanco 0-0: Ball
1-0: Called Strike
1-1: Foul Ball, location: 2F
1-2: Ball
2-2: Foul Ball, location: 2F
2-2: Strikes out swinging
Batting: RHB Mike Craver 0-0: SINGLE (Line Drive, 78S, EV 103.1 MPH)
Batting: RHB J.J. Powers 0-0: Ball
1-0: Ball
2-0: Called Strike
2-1: Called Strike
2-2: Ball
Mike Craver steals 2nd base
3-2: Foul Ball, location: 2F
3-2: Ground out 4-3 (Groundball, 4, EV 103.8 MPH)
Top of the 5th over - 0 runs, 1 hit, 0 errors, 1 left on base; Cedar Rapids 1 - Beloit 0
BOTTOM OF THE 5TH
Beloit Snappers batting - Pitching for Cedar Rapids Kernels : RHP Chad Casey
Batting: LHB Mario Cardona 0-0: Ball
1-0: Swinging Strike
1-1: Swinging Strike
1-2: Fly out, F7 (Flyball, 7D, EV 83.8 MPH)
Batting: RHB Rick Linders 0-0: Ball
1-0: Fly out, F8 (Flyball, 8RD, EV 90.6 MPH)
Batting: LHB Raita Inouye 0-0: Ball
1-0: Swinging Strike
1-1: Foul Ball, location: 2F
1-2: Foul Ball, location: 2F
1-2: Ball
2-2: Foul Ball, location: 2F
2-2: Ball
3-2: Foul Ball, location: 2F
3-2: Foul Ball, location: 2F
3-2: Foul Ball, location: 2F
3-2: Strikes out swinging
Bottom of the 5th over - 0 runs, 0 hits, 0 errors, 0 left on base; Cedar Rapids 1 - Beloit 0
TOP OF THE 6TH
Cedar Rapids Kernels batting - Pitching for Beloit Snappers : RHP Willie Servin
Batting: LHB Mike Handrahan 0-0: Ball
1-0: Ball
2-0: Swinging Strike
2-1: Foul Ball, location: 2F
2-2: Ball
3-2: Ground out U3 (Groundball, 3L, EV 104.4 MPH)
Batting: RHB Jon Avila 0-0: Ground out 5-3 (Groundball, 5L, EV 89.4 MPH)
Batting: LHB Christiaan Smits 0-0: Called Strike
0-1: DOUBLE (Line Drive, 9D, EV 104.4 MPH)
Batting: SHB Roberto Camarena 0-0: Ball
1-0: Called Strike
1-1: Ball
Wild Pitch!
Christiaan Smits to third
2-1: Fly out, F7 (Line Drive, 7, EV 91.9 MPH)
Top of the 6th over - 0 runs, 1 hit, 0 errors, 1 left on base; Cedar Rapids 1 - Beloit 0
BOTTOM OF THE 6TH
Beloit Snappers batting - Pitching for Cedar Rapids Kernels : RHP Chad Casey
Pitching: RHP Bruce Wight
Pinch Hitting: RHB Moses Brokken 0-0: Called Strike
0-1: Ball
1-1: Ball
2-1: Foul Ball, location: 2F
2-2: Strikes out swinging
Batting: RHB Scott Wiggs 0-0: Ball
1-0: Ball
2-0: SOLO HOME RUN (Flyball, 7LD, EV 90.6 MPH), Distance : 334 ft
Batting: RHB Josh Sinden 0-0: Called Strike
0-1: Ball
1-1: Foul Ball, location: 2F
1-2: Foul Ball, location: 2F
1-2: Ball
2-2: Strikes out swinging
Batting: SHB D.J. Codd 0-0: Ball
1-0: Foul Ball, location: 2F
1-1: Swinging Strike
1-2: Hit by Pitch
Pinch Runner at 1st Lu Tieh:
Batting: RHB Manny Vizzerra 0-0: Called Strike
0-1: Ball
1-1: Ball
Lu Tieh is caught stealing 2nd base 2-4
Bottom of the 6th over - 1 run, 1 hit, 0 errors, 0 left on base; Cedar Rapids 1 - Beloit 1
TOP OF THE 7TH
Cedar Rapids Kernels batting - Pitching for Beloit Snappers : RHP Willie Servin
Now at 3B: Travis Lanctot
Now in RF: Matt Sherard
Batting: RHB Brian Gustus 0-0: Swinging Strike
0-1: Ball
1-1: Foul Ball, location: 2F
1-2: Ball
2-2: Ball
3-2: Base on Balls
Batting: RHB Jake Wirthlin 0-0: Sac Bunt to 3S - play at first, batter OUT! 3-1
Brian Gustus to second
Batting: RHB Orlando Blanco 0-0: Fly out, F3 (Line Drive, 3, EV 76.2 MPH)
Pitching: RHP Ted Nevins
Pinch Hitting: LHB Jim Pankratz 0-0: Foul Ball, location: 2F
0-1: Called Strike
0-2: Ball
1-2: Ball
2-2: Strikes out swinging
Top of the 7th over - 0 runs, 0 hits, 0 errors, 1 left on base; Cedar Rapids 1 - Beloit 1
BOTTOM OF THE 7TH
Beloit Snappers batting - Pitching for Cedar Rapids Kernels : RHP Bruce Wight
Pitching: RHP Edwin Sanchez
Now in LF: Shohei Fujii
Batting: RHB Manny Vizzerra 0-0: Ball
1-0: Ball
2-0: Called Strike
2-1: Ball
3-1: SINGLE (Line Drive, 34, EV 106.2 MPH)
Batting: RHB Dave Vezina 0-0: Fly out, F7 (Flyball, 7S, EV 82.5 MPH)
Batting: LHB Mario Cardona 0-0: Ball
1-0: Ball
2-0: Foul Ball, location: 2F
2-1: Ball
3-1: Called Strike
3-2: Ground out U3 (Groundball, 34S, EV 81.9 MPH)
Manny Vizzerra to second
Pinch Hitting: LHB Nick Pacheco 0-0: Intentional Walk
Pinch Runner at 2nd Manny Moron:
Batting: LHB Raita Inouye 0-0: Called Strike
0-1: Ground out 4-3 (Groundball, 4, EV 85.6 MPH)
Bottom of the 7th over - 0 runs, 1 hit, 0 errors, 2 left on base; Cedar Rapids 1 - Beloit 1
TOP OF THE 8TH
Cedar Rapids Kernels batting - Pitching for Beloit Snappers : RHP Ted Nevins
Now at 1B: Casey Nicita
Now at 2B: Scott Lister
Batting: RHB J.J. Powers 0-0: Ball
1-0: Ball
2-0: Ball
3-0: Called Strike
3-1: Foul Ball, location: 2F
3-2: Fly out, F7 (Flyball, 78M, EV 96.2 MPH)
Batting: LHB Mike Handrahan 0-0: Ball
1-0: Ball
2-0: Foul Ball, location: 2F
2-1: Ball
3-1: Foul Ball, location: 2F
3-2: Fly out, F3 (Line Drive, 3, EV 63.8 MPH)
Batting: RHB Jon Avila 0-0: Ball
1-0: Ball
2-0: Ground out 6-3 (Groundball, 6, EV 103.8 MPH)
Top of the 8th over - 0 runs, 0 hits, 0 errors, 0 left on base; Cedar Rapids 1 - Beloit 1
BOTTOM OF THE 8TH
Beloit Snappers batting - Pitching for Cedar Rapids Kernels : RHP Edwin Sanchez
Pitching: LHP Stefano Traversoni
Batting: RHB Matt Sherard 0-0: Ball
1-0: Ball
2-0: Foul Ball, location: 2F
2-1: Foul Ball, location: 2F
2-2: Foul Ball, location: 2F
2-2: Ground out 6-3 (Groundball, 56, EV 77.5 MPH)
Pitching: RHP Steven Legge
Batting: RHB Scott Wiggs 0-0: Foul Ball, location: 2F
0-1: Ball
1-1: Ground out 6-3 (Groundball, 56, EV 95.6 MPH)
Batting: RHB Josh Sinden 0-0: Ball
1-0: Called Strike
1-1: Ball
2-1: Swinging Strike
2-2: Ground out 5-3 (Groundball, 5L, EV 85.0 MPH)
Bottom of the 8th over - 0 runs, 0 hits, 0 errors, 0 left on base; Cedar Rapids 1 - Beloit 1
TOP OF THE 9TH
Cedar Rapids Kernels batting - Pitching for Beloit Snappers : RHP Ted Nevins
Pitching: RHP Ubbe Dekker
Batting: LHB Christiaan Smits 0-0: Called Strike
0-1: Called Strike
0-2: Ball
1-2: Foul Ball, location: 2F
1-2: Strikes out looking
Pinch Hitting: RHB Matt Dunn 0-0: Called Strike
0-1: Called Strike
0-2: Strikes out swinging
Batting: RHB Brian Gustus 0-0: Ball
1-0: Foul Ball, location: 2F
1-1: Swinging Strike
1-2: Ball
2-2: Strikes out swinging
Top of the 9th over - 0 runs, 0 hits, 0 errors, 0 left on base; Cedar Rapids 1 - Beloit 1
BOTTOM OF THE 9TH
Beloit Snappers batting - Pitching for Cedar Rapids Kernels : RHP Steven Legge
Now in RF: Kevin Cooper
Pinch Hitting: SHB Steve Salafia 0-0: Ball
1-0: Ball
2-0: Ball
3-0: Base on Balls
Batting: RHB Casey Nicita 0-0: Ball
1-0: Foul Ball, location: 2F
1-1: Grounds into double play, 6-4-3 (Groundball, 6M, EV 108.8 MPH)
Batting: RHB Dave Vezina 0-0: Called Strike
0-1: Ball
1-1: Ball
2-1: Ball
3-1: Base on Balls
Batting: LHB Mario Cardona 0-0: SINGLE (Groundball, 6MD, EV 99.4 MPH)
Dave Vezina to second
Pinch Runner at 2nd Steve Blackshear:
Batting: RHB Scott Lister 0-0: Swinging Strike
0-1: Ball
1-1: Ball
2-1: Swinging Strike
2-2: Strikes out swinging
Bottom of the 9th over - 0 runs, 1 hit, 0 errors, 2 left on base; Cedar Rapids 1 - Beloit 1
TOP OF THE 10TH
Cedar Rapids Kernels batting - Pitching for Beloit Snappers : RHP Ubbe Dekker
Now at C: Gabe Gutierrez
Now at 3B: Branden Mackie
Batting: RHB Jake Wirthlin 0-0: Ball
1-0: Called Strike
1-1: Fly out, F8 (Flyball, 8RM, EV 86.9 MPH)
Batting: RHB Orlando Blanco 0-0: Fly out, F9 (Flyball, 9S, EV 81.9 MPH)
Batting: SHB Shohei Fujii 0-0: Called Strike
0-1: Ball
1-1: Swinging Strike
1-2: Ball
2-2: Ball
3-2: Strikes out looking
Top of the 10th over - 0 runs, 0 hits, 0 errors, 0 left on base; Cedar Rapids 1 - Beloit 1
BOTTOM OF THE 10TH
Beloit Snappers batting - Pitching for Cedar Rapids Kernels : RHP Steven Legge
Batting: LHB Raita Inouye 0-0: Called Strike
0-1: Foul Ball, location: 2F
0-2: Strikes out swinging
Batting: RHB Matt Sherard 0-0: Ground out 6-3 (Groundball, 6M, EV 102.5 MPH)
Batting: RHB Scott Wiggs 0-0: SINGLE (Line Drive, 5D, EV 100.6 MPH)
Batting: RHB Josh Sinden 0-0: Ball
Scott Wiggs is caught stealing 2nd base 2-4
Bottom of the 10th over - 0 runs, 1 hit, 0 errors, 0 left on base; Cedar Rapids 1 - Beloit 1
TOP OF THE 11TH
Cedar Rapids Kernels batting - Pitching for Beloit Snappers : RHP Ubbe Dekker
Batting: RHB J.J. Powers 0-0: Ball
1-0: Ball
2-0: SINGLE (Groundball, 6MD, EV 96.2 MPH)
Batting: LHB Mike Handrahan 0-0: Ball
1-0: Swinging Strike
1-1: Ball
J.J. Powers is caught stealing 2nd base 2-6
2-1: Foul Ball, location: 2F
2-2: Strikes out swinging
Batting: RHB Jon Avila 0-0: Foul Ball, location: 2F
0-1: Ball
1-1: Ground out 5-3 (Groundball, 5, EV 88.1 MPH)
Top of the 11th over - 0 runs, 1 hit, 0 errors, 0 left on base; Cedar Rapids 1 - Beloit 1
BOTTOM OF THE 11TH
Beloit Snappers batting - Pitching for Cedar Rapids Kernels : RHP Steven Legge
Batting: RHB Josh Sinden 0-0: Called Strike
0-1: Foul Ball, location: 2F
0-2: Ball
1-2: Ground out 6-3 (Groundball, 6M, EV 85.6 MPH)
Pitching: RHP Andy Symons
Batting: RHB Gabe Gutierrez 0-0: Swinging Strike
0-1: Ball
1-1: Called Strike
1-2: Strikes out swinging
Batting: RHB Casey Nicita 0-0: Called Strike
0-1: Ball
1-1: Ball
2-1: Ball
3-1: Fly out, F8 (Line Drive, 8RM, EV 100.0 MPH)
Bottom of the 11th over - 0 runs, 0 hits, 0 errors, 0 left on base; Cedar Rapids 1 - Beloit 1
TOP OF THE 12TH
Cedar Rapids Kernels batting - Pitching for Beloit Snappers : RHP Ubbe Dekker
Pitching: RHP Jaylen Walker
Batting: LHB Christiaan Smits 0-0: Called Strike
0-1: Ball
1-1: Ball
2-1: Ball
3-1: SINGLE (Groundball, 4MD, EV 106.2 MPH)
Batting: LHB Kevin Cooper 0-0: Called Strike
0-1: Called Strike
0-2: Ball
1-2: Strikes out swinging
Batting: RHB Brian Gustus 0-0: Called Strike
0-1: Swinging Strike
0-2: Strikes out swinging
Batting: RHB Jake Wirthlin 0-0: Ball
1-0: Ball
Wild Pitch!
Christiaan Smits to second
2-0: Fly out, F8 (Flyball, 8LS, EV 88.1 MPH)
Top of the 12th over - 0 runs, 1 hit, 0 errors, 1 left on base; Cedar Rapids 1 - Beloit 1
BOTTOM OF THE 12TH
Beloit Snappers batting - Pitching for Cedar Rapids Kernels : RHP Andy Symons
Batting: RHB Branden Mackie 0-0: Ball
1-0: Called Strike
1-1: Ball
2-1: Swinging Strike
2-2: Foul Ball, location: 2F
2-2: Foul Ball, location: 2F
2-2: Ball
3-2: Ground out U3 (Groundball, 3L, EV 90.6 MPH)
Batting: LHB Mario Cardona 0-0: Ball
1-0: Swinging Strike
1-1: Ball
2-1: Ball
3-1: Foul Ball, location: 2F
3-2: Strikes out swinging
Batting: RHB Scott Lister 0-0: Called Strike
0-1: Ball
1-1: Ground out 5-3 (Groundball, 5L, EV 105.6 MPH)
Bottom of the 12th over - 0 runs, 0 hits, 0 errors, 0 left on base; Cedar Rapids 1 - Beloit 1
TOP OF THE 13TH
Cedar Rapids Kernels batting - Pitching for Beloit Snappers : RHP Jaylen Walker
Batting: RHB Orlando Blanco 0-0: Foul Ball, location: 2F
0-1: Ground out 4-3 (Groundball, 4, EV 88.1 MPH)
Batting: SHB Shohei Fujii 0-0: Fly out, F8 (Line Drive, 8RD, EV 91.9 MPH)
Batting: RHB J.J. Powers 0-0: Ball
1-0: Ball
2-0: Foul Ball, location: 2F
2-1: Swinging Strike
2-2: Strikes out swinging
Top of the 13th over - 0 runs, 0 hits, 0 errors, 0 left on base; Cedar Rapids 1 - Beloit 1
BOTTOM OF THE 13TH
Beloit Snappers batting - Pitching for Cedar Rapids Kernels : RHP Andy Symons
Pitching: RHP Toshiyuki Kawashima
Batting: LHB Raita Inouye 0-0: Ball
1-0: Ball
2-0: Ground out 5-3 (Groundball, 56S, EV 71.9 MPH)
Batting: RHB Matt Sherard 0-0: Ball
1-0: Foul Ball, location: 2F
1-1: Ball
2-1: DOUBLE (Line Drive, 3D, EV 93.8 MPH)
Batting: RHB Scott Wiggs 0-0: Called Strike
0-1: Ball
1-1: Called Strike
1-2: Ball
2-2: Foul Ball, location: 2F
2-2: Ball
3-2: Base on Balls
Batting: RHB Josh Sinden 0-0: Ball
1-0: Foul Ball, location: 2F
1-1: Ball
2-1: Ball
3-1: Base on Balls
Matt Sherard to third
Scott Wiggs to second
Pitching: LHP Mark Challinor
Batting: RHB Gabe Gutierrez 0-0: Called Strike
0-1: Ball
1-1: Called Strike
1-2: Foul Ball, location: 2F
1-2: Foul Ball, location: 2F
1-2: Ball
2-2: Strikes out looking
Batting: RHB Casey Nicita 0-0: Foul Ball, location: 2F
0-1: Foul Ball, location: 2F
0-2: Strikes out swinging
Bottom of the 13th over - 0 runs, 1 hit, 0 errors, 3 left on base; Cedar Rapids 1 - Beloit 1
TOP OF THE 14TH
Cedar Rapids Kernels batting - Pitching for Beloit Snappers : RHP Jaylen Walker
Batting: LHB Mike Handrahan 0-0: Foul Ball, location: 2F
0-1: Foul Ball, location: 2F
0-2: Ball
1-2: Ball
2-2: Foul Ball, location: 2F
2-2: Ground out 4-3 (Groundball, 4, EV 87.5 MPH)
Batting: RHB Jon Avila 0-0: Ground out 6-3 (Groundball, 6, EV 111.2 MPH)
Batting: LHB Christiaan Smits 0-0: Ball
1-0: Called Strike
1-1: Fly out, F7 (Line Drive, 7S, EV 105.6 MPH)
Top of the 14th over - 0 runs, 0 hits, 0 errors, 0 left on base; Cedar Rapids 1 - Beloit 1
BOTTOM OF THE 14TH
Beloit Snappers batting - Pitching for Cedar Rapids Kernels : LHP Mark Challinor
Batting: RHB Branden Mackie 0-0: Foul Ball, location: 2F
0-1: Ball
1-1: Ball
2-1: Fly out, F2 (Popup, 5SF, EV 86.9 MPH)
Batting: LHB Mario Cardona 0-0: Called Strike
0-1: Ground out 3-1 (Groundball, 34, EV 107.5 MPH)
Batting: RHB Scott Lister 0-0: Called Strike
0-1: Ball
1-1: Hit by Pitch
Batting: LHB Raita Inouye 0-0: Ball
Scott Lister steals 2nd base (no throw)
1-0: Foul Ball, location: 2F
1-1: Ground out 6-3 (Groundball, 6MD, EV 87.5 MPH)
Bottom of the 14th over - 0 runs, 0 hits, 0 errors, 1 left on base; Cedar Rapids 1 - Beloit 1
TOP OF THE 15TH
Cedar Rapids Kernels batting - Pitching for Beloit Snappers : RHP Jaylen Walker
Pitching: LHP Mike Pereira
Pinch Hitting: RHB Ulbrecht Bernstein 0-0: Ball
1-0: SINGLE (Line Drive, 89S, EV 104.4 MPH)
Batting: RHB Brian Gustus 0-0: Ball
1-0: Fly out, F7 (Line Drive, 7, EV 85.0 MPH)
Batting: RHB Jake Wirthlin 0-0: Ball
1-0: Grounds into double play, 6-4-3 (Groundball, 6, EV 93.1 MPH)
Top of the 15th over - 0 runs, 1 hit, 0 errors, 0 left on base; Cedar Rapids 1 - Beloit 1
BOTTOM OF THE 15TH
Beloit Snappers batting - Pitching for Cedar Rapids Kernels : LHP Mark Challinor
Now in RF: Robby Bryant
Batting: RHB Matt Sherard 0-0: SINGLE (Groundball, 34D, EV 99.4 MPH)
Batting: RHB Scott Wiggs 0-0: Ball
1-0: Swinging Strike
1-1: Ball
2-1: Ball
3-1: Base on Balls
Matt Sherard to second
Batting: RHB Josh Sinden 0-0: Called Strike
0-1: Reached via error on a dropped throw from SS, E4 (Groundball, 56D, EV 108.1 MPH)
Matt Sherard to third
Scott Wiggs to second
Batting: RHB Gabe Gutierrez 0-0: Foul Ball, location: 2F
0-1: Called Strike
0-2: Foul Ball, location: 2F
0-2: Strikes out swinging
Batting: RHB Casey Nicita 0-0: Ball
1-0: Ball
2-0: Called Strike
2-1: Foul Ball, location: 2F
2-2: Strikes out swinging
Batting: RHB Branden Mackie 0-0: Ball
1-0: Called Strike
1-1: Ball
2-1: Ball
3-1: Foul Ball, location: 2F
3-2: Base on Balls
Matt Sherard scores
Scott Wiggs to third
Josh Sinden to second
Bottom of the 15th over - 1 run, 1 hit, 1 error, 0 left on base; Cedar Rapids 1 - Beloit 2
Game Over ... Beloit defeats Cedar Rapids, 2 to 1
Thursday, March 31st , 2022 - OOTP Baseball 22.12 Build 89